AoeStats
← Driezell

Glade

510357146Analyzed
1v1 RM · 19h ago on Sep 30, 2026· 55m 58s· 2 players
Game mode
Random Map
Map size
Tiny (2 player)
Population
200
Speed
Normal
Resources
Standard
Victory
Conquest
Starting age
Dark Age
Ending age
Imperial Age
RankedLock teamsTeams togetherTeam positionsShared explorationLock speedFull tech treeHidden civsTurbo modeCheats
Victory
Defeat
🇷🇺 Britons · Russia
963
+16
🇳🇱 Ethiopians · Netherlands
960
-16
Driezell
7:57 Loom
9:45 Feudal Age
11:38 Double-Bit Axe
13:32 Fletching
13:42 Gold Mining
15:47 Wheelbarrow
15:12 Horse Collar
20:40 Castle Age
20:44 Padded Archer Armor
20:42 Crossbowman
21:24 Bodkin Arrow
25:29 Thumb Ring
26:28 Hand Cart
25:59 Town Watch
27:05 Leather Archer Armor
29:11 Bow Saw
31:01 Ballistics
31:09 Town Patrol
39:47 Imperial Age
40:30 Arbalester
41:27 Bracer
42:34 Ring Archer Armor
43:07 Chemistry
45:52 Conscription
45:34 Onager
50:26 Elite Skirmisher
51:18 Capped Ram
47
7:03 Loom
11:17 Feudal Age
18:05 Castle Age
16:25 Double-Bit Axe
16:51 Horse Collar
17:09 Gold Mining
18:09 Forging
18:10 Scale Barding Armor
20:24 Wheelbarrow
20:32 Stone Mining
22:44 Town Watch
24:46 Iron Casting
26:51 Heavy Plow
27:05 Bow Saw
31:11 Ballistics
31:02 Masonry
33:31 Imperial Age
31:12 Fletching
31:22 Padded Archer Armor
32:42 Ballistics
32:33 Masonry
32:34 Bodkin Arrow
32:55 Leather Archer Armor
33:33 Chain Barding Armor
35:16 Chemistry
34:38 Bracer
36:44 Husbandry
36:05 Cavalier
37:27 Hand Cart
37:59 Yeomen
39:52 Ring Archer Armor
39:32 Elite Longbowman
42:05 Two-Man Saw
41:44 Plate Barding Armor
43:08 Blast Furnace
42:35 Conscription
Connection lost

Rejoining the realm…

Still unreachable

The connection could not be restored.

Session expired

The server has moved on; the page needs a fresh start.